 Dungeon Crawl Stone Soup version 0.18-a0-118-g58bf2d5 (webtiles) character file.

421 Duffy the Digger (level 7, 39/46 HPs)
             Began as a Formicid Earth Elementalist on Nov 18, 2015.
             Quit the game on level 4 of the Dungeon.
             The game lasted 00:07:37 (6567 turns).

Duffy the Digger (Formicid Earth Elementalist)      Turns: 6567, Time: 00:07:38

Health: 39/46      AC:  0    Str: 13    XL:     7   Next: 16%
Magic:  15/15      EV: 12    Int: 16    God:
Gold:   183        SH:  0    Dex: 11    Spells: 1 memorised, 15 levels left

rFire  . . .     SeeInvis +     p - +3 blowgun
rCold  . . .     Clarity  .     a - +0 robe
rNeg   . . .     SustAt   .     (no shield)
rPois  .         Gourm    .     (helmet unavailable)
rElec  .         Spirit   .     (no cloak)
rCorr  .         Warding  .     (no gloves)
rMut   .         Stasis   +     j - +1 pair of boots
MR     .....                    (no amulet)
Stlth  ++........               (no ring)
                                w - -4 ring of protection (curse)

@: not resistant to hostile enchantments, unstealthy
A: permanent stasis, dig shafts and tunnels, four strong arms, antennae 3
a: Dig, Shaft Self


You were on level 4 of the Dungeon.
You were not hungry.

You visited 1 branch of the dungeon, and saw 4 of its levels.

You collected 183 gold pieces.


Innate Abilities, Weirdness & Mutations

You are under a permanent stasis effect.
You can dig through walls and to a lower floor.
Your four strong arms can wield two-handed weapons with a shield.
You have a pair of large antennae on your head (SInv).


   Skills:
 - Level 1.7 Dodging
 - Level 2.4 Stealth
 + Level 5.3 Spellcasting
   Level 1.1 Transmutations
 + Level 6.8 Earth Magic


You had 15 spell levels left.
You knew the following spells:

 Your Spells              Type           Power        Failure   Level  Hunger
a - Sandblast             Erth           ####..       1%          1    None

Inventory:

Hand Weapons
 p - a +3 blowgun (weapon)
 q - a +0 hunting sling
Missiles
 b - 102 stones
 o - 38 poisoned needles (quivered)
 r - 32 sling bullets
Armour
 a - a +0 robe (worn)
 j - a +1 pair of boots (worn)
Jewellery
 w - a cursed -4 ring of protection (left hand)
Scrolls
 m - 2 scrolls of fear
Potions
 e - 2 potions of curing
 g - a potion of ambrosia
 i - a potion of cancellation {unknown}
 n - a potion of flight
 u - a potion of agility {unknown}
 v - a potion of brilliance {unknown}
 x - a potion of resistance {unknown}
Books
 c - a book of Geomancy
Comestibles
 d - 2 bread rations
 f - 2 meat rations
 h - 3 beef jerkies
 s - 2 royal jellies

Dungeon Overview and Level Annotations

Branches:
Dungeon (4/15)
 Temple: D:4-7

Altars:


Message History

The giant gecko looks even sicker.
The giant gecko is heavily wounded.
The giant gecko closely misses you.
Firing (i - inventory. (,) - cycle):
o - 40 poisoned needles (quivered)
Press: ? - help, Shift-Dir - straight line, f/p - giant gecko
Aim: a giant gecko (heavily wounded, poisoned)
You shoot a poisoned needle.
The poisoned needle hits the giant gecko!
The giant gecko looks even sicker.
The giant gecko is heavily wounded.
The giant gecko misses you.
Firing (i - inventory. (,) - cycle):
o - 39 poisoned needles (quivered)
Press: ? - help, Shift-Dir - straight line, f/p - giant gecko
Aim: a giant gecko (heavily wounded, poisoned)
You shoot a poisoned needle.
The poisoned needle hits the giant gecko!
The giant gecko is heavily wounded.
You kill the giant gecko!
No target in view!
No target in view!
Read which item? (? for menu, Esc to quit)
As you read the scroll labeled QICOC TIAWAMP, it crumbles to dust.
It is a scroll of enchant armour.
Enchant which item? (? for menu, Esc to quit)
Your +0 pair of boots glows green for a moment.
Read which item? (? for menu, Esc to quit)
You don't have any such object.
Read which item? (? for menu, Esc to quit)
You can't read that!
All of the chunks of flesh in your inventory have rotted away.
Read which item? (? for menu, Esc to quit)
As you read the scroll labeled IPUNTAO XUTUFF, it crumbles to dust.
It is a scroll of recharging.
You aren't carrying any rechargeable items.
Are you sure you want to abandon this character and quit the game? (Confirm with "yes".)

..#### #.# #....####
#.# ........###.###
.....##..##...#
.....###...##.#
...### ###....####
.### #.......# .#
##.......# .####
.........@# .#..
###.....(.#
.#.####........(...
.#................##
.........#........#
...[######........#
......# #.........
.......# #...)......
.....#.#


There were no monsters in sight!

Action                   |  1- 3 |  4- 6 |  7- 9 || total
-------------------------+-------+-------+-------++-------
 Fire: Hunting sling     |       |    52 |       ||    52
       Blowgun           |       |    11 |    24 ||    35
 Cast: Sandblast         |    93 |   160 |     8 ||   261
  Use: Scroll            |       |       |     6 ||     6
 Stab: Sleeping          |       |     3 |     1 ||     4
       Distracted        |       |       |     1 ||     1
  Eat: Chunk             |     3 |    12 |     2 ||    17

Notes
Turn   | Place    | Note
--------------------------------------------------------------
     0 | D:1      | Duffy the Formicid Earth Elementalist began the quest for the Orb.
     0 | D:1      | Reached XP level 1. HP: 13/13 MP: 3/3
   415 | D:1      | Reached skill level 4 in Earth Magic
   415 | D:1      | Reached XP level 2. HP: 8/19 MP: 2/5
   898 | D:1      | Reached XP level 3. HP: 24/24 MP: 5/7
   955 | D:1      | Reached skill level 3 in Spellcasting
  2009 | D:1      | Reached XP level 4. HP: 28/30 MP: 3/8
  2597 | D:2      | Reached skill level 5 in Earth Magic
  2909 | D:2      | Reached XP level 5. HP: 30/35 MP: 2/10
  3318 | D:3      | Reached skill level 4 in Spellcasting
  4292 | D:3      | Reached XP level 6. HP: 29/41 MP: 2/12
  5137 | D:3      | Reached skill level 6 in Earth Magic
  5435 | D:3      | Noticed an ice beast
  5445 | D:3      | Killed an ice beast
  5445 | D:3      | Reached skill level 5 in Spellcasting
  5913 | D:3      | Reached XP level 7. HP: 19/46 MP: 7/14
  6567 | D:4      | Quit the game

Vault maps used:
D:1:      saegor_arrival_simple_d
D:2:      hangedman_decor_clover_reticule, serial_bayou_pond_e, minivault_24,
          kennysheep_generic_room_11
D:3:      forest_paths
D:4:      minmay_temple_entry_hall, first_bread, grunt_decor_arrowhead,
          kennysheep_generic_room_10

Vanquished Creatures
  An ice beast
  An orc wizard
  A hound
  5 gnolls
  10 adders
  2 oozes
  2 worms
  2 giant geckos
  2 orcs
  2 giant cockroaches
  9 goblins
  16 hobgoblins
  15 kobolds
  A quokka
  4 ball pythons
  10 bats
  11 giant newts
  7 jackals
  13 rats
114 creatures vanquished.
